 Dungeon Crawl Stone Soup version 0.28-a0-706-gf6f64a616a (webtiles) character file.

Game seed: 10385373406879893069

2993 Armakuni the Transmogrifier (level 9, -8/52 HPs)
             Began as a Vine Stalker Transmuter on Oct 24, 2021.
             Was an Initiate of Ru.
             Engulfed by a cloud of flame (24 damage)
             ... on level 7 of the Dungeon.
             The game lasted 00:19:34 (8561 turns).

Armakuni the Transmogrifier (VSTm)                  Turns: 8561, Time: 00:19:35

Health: -8/52      AC:  6    Str: 13    XL:     9   Next: 83%
Magic:  0/13       EV: 12    Int: 16    God:    Ru [......]
Gold:   1127       SH:  0    Dex: 15    Spells: 1/12 levels left

rFire   . . .      SeeInvis +     - Unarmed
rCold   . . .      Faith    .   (no shield)
rNeg    . . .      Spirit   +   v - +0 steam dragon scales
rPois   .          Reflect  .   (no helmet)
rElec   .          Harm     .   (no cloak)
rCorr   .          Rampage  .   (no gloves)
Will    +....                   u - +0 pair of boots
Stlth   +.........              (no amulet)
HPRegen 1.17/turn               S - +4 ring of slaying
MPRegen 0.13/turn               I - ring of see invisible

@: no status effects
A: fangs 3, regeneration 1, magic shield, antimagic bite, no potion heal 2
a: Renounce Religion


You were on level 7 of the Dungeon.
You worshipped Ru.
Ru was noncommittal.
You visited 2 branches of the dungeon, and saw 8 of its levels.

You collected 1127 gold pieces.

Inventory:

Hand Weapons
 b - a +7 scimitar of freezing
Missiles
 c - 17 poisoned darts
 t - 4 curare-tipped darts
Armour
 u - a +0 pair of boots (worn)
 v - +0 steam dragon scales (worn)
Jewellery
 I - a ring of see invisible (right hand)
 K - a ring of resist corrosion
 S - a +4 ring of slaying (left hand)
Wands
 d - a wand of digging (6)
Scrolls
 e - 3 scrolls of identify
 f - 4 scrolls of teleportation
 h - a scroll of noise
 k - 2 scrolls of immolation
Potions
 a - 3 potions of degeneration {unknown}
 g - 4 potions of curing
 i - 2 potions of might {unknown}
 j - 5 potions of attraction
 o - 2 potions of ambrosia {unknown}
 p - a potion of brilliance {unknown}
 q - 2 potions of heal wounds {unknown}
 r - 2 potions of magic {unknown}
 s - 2 potions of flight {unknown}


   Skills:
 + Level 8.7 Fighting
 - Level 1.5 Dodging
 - Level 3.1 Unarmed Combat
 - Level 2.1 Spellcasting
 + Level 9.6 Transmutations


You had one spell level left.
You knew the following spells:

 Your Spells              Type           Power      Damage    Failure   Level
a - Beastly Appendage     Tmut           64%        N/A       1%          1
h - Spider Form           Tmut/Pois      8%         N/A       9%          3
n - Ice Form              Ice/Tmut       17%        N/A       28%         4
w - Wereblood             Tmut           32%        N/A       1%          2
z - Sting                 Tmut/Pois      68%        1d6       2%          1

Your spell library contained the following spells:

 Spells                   Type           Power      Damage    Failure   Level
 Foxfire                  Conj/Fire      4%         2x1d4     21%         1
 Magic Dart               Conj           4%         1d3       21%         1
 Blink                    Tloc           2%         N/A       30%         2
 Call Imp                 Summ           1%         N/A       30%         2
 Searing Ray              Conj           2%         2d4       30%         2
 Conjure Flame            Conj/Fire      1%         6-21      52%         3
 Inner Flame              Hex/Fire       1%         N/A       52%         3
 Mephitic Cloud           Conj/Pois/Air  1%         N/A       52%         3
 Summon Guardian Golem    Hex/Summ       1%         N/A       52%         3
 Flame Wave               Conj/Fire      1%         3d3       90%         4
 Fulminant Prism          Conj/Hex       0%         3d6       90%         4
 Manifold Assault         Tloc           1%         N/A       99%         5
 Orb of Destruction       Conj           0%         N/A       100%        7
 Spellforged Servitor     Conj/Summ      0%         N/A       100%        7
 Storm Form               Tmut/Air       8%         N/A       100%        7


Dungeon Overview and Level Annotations

Branches:
Dungeon (7/15)             Temple (1/1) D:7

Altars:
Ashenzari
Cheibriados
Dithmenos
Elyvilon
Fedhas
Gozag
Hepliaklqana
Makhleb
Okawaru
Qazlal
Ru
Sif Muna
Trog
Uskayaw
Vehumet
Wu Jian
Xom
Yredelemnul
The Shining One


Innate Abilities, Weirdness & Mutations

You have razor-sharp teeth.
Your natural rate of healing is unusually fast.
When hurt, damage is shared between your health and your magic reserves.
Your bite disrupts and absorbs the magic of your enemies.
Potions cannot restore your health.


Message History

a +0 dagger; a +0 robe You see here a +0 hunting sling.
Partly explored, can't reach some items and places.
Partly explored, can't reach some items and places.
Partly explored, can't reach some items and places.
Really stalk into a travel-excluded area?
You are engulfed in blazing flames.
You are engulfed in blazing flames.
f - 3 scrolls of teleportation (gained 1)
f - 4 scrolls of teleportation (gained 1)
You see here 9 stones.
You now have 1127 gold pieces (gained 14).
d - a wand of digging (6)
You start resting.
HP restored.
You start resting.
Magic restored.
Saving game... please wait.
Welcome back, Armakuni the Vine Stalker Transmuter.
Ru says: Cut away your false body!
Press ? for a list of commands and other information.
Really stalk into a travel-excluded area?
You are engulfed in blazing flames.
You start resting.
HP restored.
Really stalk into a travel-excluded area?
You are engulfed in blazing flames.
You are engulfed in blazing flames.
You start resting.
HP restored.
You start resting.
Magic restored.
Really stalk into that cloud of flame?
Okay, then.
You are engulfed in blazing flames.
You are engulfed in blazing flames.
* * * LOW HITPOINT WARNING * * *
Okay, then.
You are engulfed in blazing flames.
You die...

######...........#####.........##
#......####...)..# ##.........##
..#########......# ##..........#
####...........### #...#####...#
###..#########.# #☼§○# #...#
:...## #.# #☼°.# #...# ##### #.#
#§☼§# #...# #.#####...#####...#
#..@§§.(...§°§....#
#..§§☼.....☼.☼..###
##.○○☼..(..○○§.## ######...######
#☼§§# #°.§# #.○○# #...#
##.###########


There were no monsters in sight!

Vanquished Creatures
  A steam dragon (D:7)
  2 water moccasins
  Duvessa (D:7)
  An orc warrior (D:7)
  2 black bears
  2 ogres (D:4)
  3 centaurs
  Blork the orc (D:5)
  3 bullfrogs
  Dowan (D:7)
  3 scorpions
  A wyvern skeleton (D:7)
  A water moccasin skeleton (D:6)
  5 wights (D:7)
  4 howler monkeys
  3 centaur zombies
  2 hounds
  2 jellies
  An orc priest (D:6)
  A centaur skeleton (D:6)
  An iguana (D:7)
  Natasha (thrice) (D:2)
  4 orc wizards
  2 hound skeletons (D:4)
  4 gnolls
  4 adders
  A white imp (D:5)
  2 adder skeletons (D:4)
  3 worms
  3 dart slugs
  9 orcs
  6 endoplasms
  4 giant cockroaches
  6 goblins
  4 hobgoblins
  4 jackals
  7 kobolds
  4 quokkas
  5 ball pythons
  2 bats (D:2)
  4 frilled lizards
  6 rats
128 creatures vanquished.

Notes
Turn   | Place    | Note
-------+----------+-------------------------------------------
     0 | D:1      | Armakuni the Vine Stalker Transmuter began the quest for
                  | the Orb.
     0 | D:1      | Reached XP level 1. HP: 9/9 MP: 4/4
    54 | D:1      | Reached skill level 1 in Fighting
   456 | D:2      | Reached XP level 2. HP: 1/14 MP: 0/6
   821 | D:2      | Learned a level 2 spell: Wereblood
  1011 | D:2      | Reached XP level 3. HP: 9/18 MP: 7/7
  1214 | D:2      | Learned a level 3 spell: Spider Form
  1325 | D:1      | Found a faded altar of an unknown god.
  2101 | D:2      | Found a broken altar of Ashenzari.
  2157 | D:2      | Gained mutation: Your natural rate of healing is unusually
                  | fast. [Vine Stalker growth]
  2157 | D:2      | Reached XP level 4. HP: 22/23 MP: 5/8
  2194 | D:2      | Noticed Natasha
  2225 | D:2      | Killed Natasha
  2226 | D:2      | Reached skill level 3 in Transmutations
  2389 | D:2      | Noticed Natasha
  2487 | D:2      | Killed Natasha
  2547 | D:2      | Noticed Natasha
  2554 | D:2      | Killed Natasha
  2555 | D:2      | Reached XP level 5. HP: 21/28 MP: 3/9
  2886 | D:3      | Identified a scroll of acquirement
  2886 | D:3      | Acquired 815 gold pieces
  3365 | D:4      | Reached skill level 4 in Transmutations
  3429 | D:4      | Reached XP level 6. HP: 10/33 MP: 4/10
  4150 | D:4      | Reached skill level 5 in Transmutations
  4154 | D:4      | Noticed a black bear
  4163 | D:4      | Killed a black bear
  4164 | D:4      | Reached XP level 7. HP: 35/38 MP: 6/11
  4282 | D:4      | Learned a level 4 spell: Ice Form
  4415 | D:4      | Reached skill level 5 in Fighting
  4586 | D:5      | Entered Level 5 of the Dungeon
  4616 | D:5      | Found an opulent altar of Gozag.
  4724 | D:5      | Reached skill level 6 in Transmutations
  4918 | D:5      | Gained mutation: You have razor-sharp teeth. [Vine Stalker
                  | growth]
  4918 | D:5      | Reached XP level 8. HP: 43/44 MP: 12/12
  4975 | D:5      | Found a broken altar of Ashenzari.
  4975 | D:5      | Noticed Blork the orc
  5012 | D:5      | Killed Blork the orc
  5584 | D:6      | Found a blossoming altar of Fedhas.
  5652 | D:6      | Reached skill level 7 in Transmutations
  6797 | D:6      | Found a shimmering blue altar of Sif Muna.
  6874 | D:6      | Reached XP level 9. HP: 50/50 MP: 7/13
  6875 | D:6      | Reached skill level 8 in Transmutations
  6876 | D:6      | Got Sif Muna's Incunabulum of Transformation and
                  | Intoxication
  6980 | D:6      | Found a radiant altar of Vehumet.
  7176 | D:7      | Found an iron altar of Okawaru.
  7367 | D:7      | Noticed Duvessa
  7369 | D:7      | Noticed Dowan
  7440 | D:7      | Found a staircase to the Ecumenical Temple.
  7449 | Temple   | Entered the Ecumenical Temple
  7549 | Temple   | Became a worshipper of Ru the Awakened
  7752 | D:7      | Killed Duvessa
  7753 | D:7      | Reached skill level 9 in Transmutations
  7761 | D:7      | Killed Dowan
  8213 | D:7      | Learned a level 1 spell: Sting
  8561 | D:7      | Engulfed by a cloud of flame

Illustrated notes

Levels and vault maps discovered:
D:1:      dpeg_arrival_signposts, layout_rooms,
          dilly_ecumenical_altar_fadedgnrine
D:2:      layout_rooms, basic_altar, chequers_serial_rivers_room_a,
          corner_web_ring, uniq_natasha
D:3:      layout_basic, corexii_shack
D:4:      layout_gridville, minmay_ruptured
D:5:      layout_loops_ring, lemuel_tele_altar, old_standard_altar,
          uniq_blork_the_orc
D:6:      layout_layer_cave, fedhas_altar_3, led_sif_book, kennysheep_little_box
D:7:      layout_rooms, okawaru_metal_pillars_1_2, minmay_temple_entry_arrows,
          lemuel_flame_loot_1, uniq_duvessa
Temple:   dshaligram_water_room_temple

Skill      XL: |  1  2  3  4  5  6  7  8  9 |
---------------+----------------------------+-----
Fighting       | 1 2 3 4 5 7 8 |  8.7
Transmutations | 3 4 5 6 7 9 |  9.6
Dodging        | |  1.5
Unarmed Combat | |  3.1
Spellcasting   | |  2.1

Action                   |  1- 3 |  4- 6 |  7- 9 || total
-------------------------+-------+-------+-------++-------
Melee: Unarmed           |    65 |   114 |   255 ||   434
       Kick              |    17 |    13 |    18 ||    48
       Headbutt          |     8 |    13 |    14 ||    35
       Bite              |     7 |    10 |    26 ||    43
       Punch             |       |       |     1 ||     1
Throw: Dart              |       |       |     2 ||     2
 Cast: Beastly Appendage |    21 |    16 |    13 ||    50
       Spider Form       |     1 |    11 |    18 ||    30
       Ice Form          |       |       |     4 ||     4
 Abil: End Transformatio |       |       |     1 ||     1
  Use: Scroll            |       |     6 |     7 ||    13
 Stab: Sleeping          |     4 |     2 |     2 ||     8
Armor: Robe              |     7 |     6 |    23 ||    36
       Skin              |       |     2 |    12 ||    14
       Steam dragon scal |       |       |    14 ||    14
Dodge: Dodged            |    24 |    88 |   196 ||   308

Table legend: (Time is in decaauts)
 A = Elapsed time spent in this place.
 B = Non-inter-level travel time spent in this place.
 C = Inter-level travel time spent in this place.
 D = Time resting spent in this place.
 E = Time spent auto-exploring this place.
 F = Levels seen in this place.
 G = Mean time per level.
                   A        B        C        D        E       F      G
               +--------+--------+--------+--------+--------+-----+--------+
         Total |   8539 |   8270 |    269 |   1666 |   4858 |   8 | 1067.4 |
       Dungeon |   8425 |   8168 |    257 |   1666 |   4798 |   7 | 1203.6 |
        Temple |    113 |    101 |     12 |      0 |     60 |   1 |  113.0 |
               +--------+--------+--------+--------+--------+-----+--------+

Top non-repeatable levels by time:
     D:6: 1808 daAuts
     D:2: 1529 daAuts
     D:4: 1206 daAuts
     D:7: 1185 daAuts
     D:1: 1152 daAuts
     D:5: 856 daAuts
     D:3: 686 daAuts
  Temple: 113 daAuts
